 Dungeon Crawl Stone Soup version 0.23-a0-49-gd9f7a49 (webtiles) character file.

525227 CanOfBees the Middleweight Champion (level 26, -6/257 HPs)
             Began as a Ghoul Monk on Aug 6, 2018.
             Was a High Priest of Okawaru.
             Mangled by a titan (21 damage)
             ... on level 5 of the Vaults.
             The game lasted 02:53:50 (56292 turns).

CanOfBees the Middleweight Champion (Ghoul Monk)   Turns: 56292, Time: 02:53:50

Health: -6/257     AC: 31    Str: 32    XL:     26   Next: 2%
Magic:  26/28      EV: 11    Int:  5    God:    Okawaru [*****.]
Gold:   3927       SH: 22    Dex: 13    Spells: 25/25 levels left

rFire    + . .     SeeInvis .     - Unarmed
rCold    + + .     Gourm    .   m - +5 shield
rNeg     + + +     Faith    .   N - +10 crystal plate armour "Ufrew" {Dex+2 Stlth+}
rPois    ∞         Spirit   .   f - -4 helmet of Apathy {Slay+2}
rElec    .         Reflect  +   Z - scarf {rC+ rF+}
rCorr    .         Harm     .   (no gloves)
MR       +....                  E - +2 pair of boots {Fly}
Stlth    ..........             v - +2 amulet of reflection
HPRegen  0.00/turn              d - +5 ring of strength
MPRegen  0.21/turn              A - +3 ring of slaying

@: about to teleport, finesse, very slightly contaminated, rotting
A: rotting body, claws 1, carnivore, cold resistance 1, negative energy
resistance 3, inhibited regeneration, torment resistance, unbreathing
}: 2/15 runes: decaying, gossamer
a: Heroism, Finesse, Renounce Religion, Evoke Flight


You were on level 5 of the Vaults.
You worshipped Okawaru.
Okawaru was extremely pleased with you.
You were not hungry.

You visited 8 branches of the dungeon, and saw 44 of its levels.
You also visited: Labyrinth, Ice Cave, Volcano and Desolation.

You collected 6720 gold pieces.
You spent 2793 gold pieces at shops.

Inventory:

Hand Weapons
 b - a +9 fustibalus of freezing
Missiles
 h - 605 sling bullets
 y - 6 throwing nets (quivered)
Armour
 f - the -4 helmet of Apathy (worn) {Slay+2}
   (You found it on level 15 of the Dungeon)

   It affects your accuracy and damage with ranged weapons and melee attacks
   (+2).
 m - a +5 shield (worn)
 E - a +2 pair of boots of flying (worn)
 N - the +10 crystal plate armour "Ufrew" (worn) {Dex+2 Stlth+}
   (Okawaru gifted it to you on level 2 of the Lair of Beasts)

   It affects your dexterity (+2).
   It makes you more stealthy.
 Z - a scarf of resistance (worn)
Jewellery
 d - a +5 ring of strength (left claw)
 e - the ring of Danavuk {EV+4 SInv}
   (You found it in the Desolation of Salt)

   [ring of evasion]

   It affects your evasion (+4).
   It lets you see invisible.
 v - a +2 amulet of reflection (around neck)
 A - a +3 ring of slaying (right claw)
 T - the amulet of the Four Winds {rN+ MR+++ Clar}
   (You bought it in a shop on level 4 of the Depths)

   [amulet of nothing]

   It protects you from negative energy.
   It affects your resistance to hostile enchantments.
   It protects you against confusion.
Wands
 g - a wand of disintegration (22)
 i - a wand of enslavement (26)
 j - a wand of digging (13)
 r - a wand of polymorph (59)
 u - a wand of acid (24)
 w - a wand of iceblast (27)
 x - a wand of scattershot (3)
 C - a wand of paralysis (4)
 Y - a wand of flame (59)
Scrolls
 c - 6 scrolls of teleportation
 k - 2 scrolls of magic mapping
 q - 4 scrolls of torment
 t - 6 scrolls of fear
 F - a scroll of silence
 G - 2 scrolls of holy word
 I - 2 scrolls of identify
 K - 8 scrolls of remove curse
 O - 5 scrolls of immolation
 U - 3 scrolls of noise
 W - 2 scrolls of summoning
Potions
 a - 4 potions of resistance
 l - 13 potions of agility
 n - 10 potions of brilliance
 o - 11 potions of ambrosia
 s - 5 potions of cancellation
 z - 13 potions of curing
 B - 3 potions of heal wounds
 M - 6 potions of haste
Miscellaneous
 D - a lightning rod (4/4)
 J - a lamp of fire
 L - 3 boxes of beasts
 Q - a sack of spiders
 V - a phial of floods
 X - a fan of gales
Comestibles
 H - 72 rations


   Skills:
 + Level 24.8 Fighting
 - Level 5.0 Slings
 - Level 10.0 Armour
 - Level 10.0 Dodging
 - Level 7.0 Stealth
 - Level 15.0 Shields
 O Level 27 Unarmed Combat
 - Level 8.0 Invocations
 - Level 5.0 Evocations


You had 25 spell levels left.
You didn't know any spells.
Your spell library contained the following spells:

 Spells                   Type           Power        Failure   Level  Hunger
 Cause Fear               Hex            #.........   100%        4    #####..
 Fireball                 Conj/Fire      #.........   100%        5    ######.
 Apportation              Tloc           #.....       100%        1    ##.....
 Conjure Flame            Conj/Fire      #.......     100%        3    ####...
 Bolt of Fire             Conj/Fire      #.........   100%        6    #######
 Bolt of Cold             Conj/Ice       #.........   100%        6    #######
 Lightning Bolt           Conj/Air       #.........   100%        5    ######.
 Bolt of Magma            Conj/Fire/Erth #.........   100%        5    ######.
 Confuse                  Hex            #.......     100%        3    ####...
 Throw Flame              Conj/Fire      #.....       100%        2    ###....
 Throw Frost              Conj/Ice       #.....       100%        2    ###....
 Controlled Blink         Tloc           N/A          100%        8    #######
 Venom Bolt               Conj/Pois      #.........   100%        5    ######.
 Teleport Other           Tloc           #.......     100%        3    ####...
 Death's Door             Chrm/Necr      #.........   100%        8    #######
 Summon Small Mammal      Summ           #...         100%        1    ##.....
 Summon Horrible Things   Summ           #.........   100%        8    #######
 Animate Skeleton         Necr           N/A          100%        1    ##.....
 Haunt                    Necr/Summ      #.........   100%        7    #######
 Borgnjor's Revivificati  Necr           #.........   100%        8    #######
 Freeze                   Ice            #...         100%        1    ##.....
 Sticky Flame             Conj/Fire      #.......     100%        4    #####..
 Summon Ice Beast         Ice/Summ       #.......     100%        4    #####..
 Ozocubu's Armour         Chrm/Ice       #.......     100%        3    ####...
 Call Imp                 Summ           #.......     100%        2    ###....
 Sublimation of Blood     Necr           #.........   100%        2    ###....
 Tukima's Dance           Hex            #.......     100%        3    ####...
 Summon Demon             Summ           #.........   100%        5    ######.
 Summon Greater Demon     Summ           #.........   100%        7    #######
 Corpse Rot               Necr           N/A          100%        2    ###....
 Iron Shot                Conj/Erth      #.........   100%        6    #######
 Stone Arrow              Conj/Erth      #.....       100%        3    ####...
 Shock                    Conj/Air       #...         100%        1    ##.....
 Swiftness                Chrm/Air       #.......     100%        2    ###....
 Recall                   Summ/Tloc      N/A          100%        3    ####...
 Spider Form              Tmut/Pois      #.........   100%        3    ####...
 Blade Hands              Tmut           #.........   100%        5    ######.
 Statue Form              Tmut/Erth      #........    100%        6    #######
 Ice Form                 Ice/Tmut       #.......     100%        4    #####..
 Dragon Form              Tmut           #.........   100%        7    #######
 Necromutation            Tmut/Necr      #.........   100%        8    #######
 Throw Icicle             Conj/Ice       #.......     100%        4    #####..
 Airstrike                Air            #.........   100%        4    #####..
 Shadow Creatures         Summ           N/A          100%        6    #######
 Confusing Touch          Hex            #.....       100%        1    ##.....
 Flame Tongue             Conj/Fire      #....        100%        1    ##.....
 Passwall                 Tmut/Erth      #.......     100%        2    ###....
 Ignite Poison            Fire/Tmut/Pois #.......     100%        3    ####...
 Sticks to Snakes         Tmut           #.......     100%        2    ###....
 Call Canine Familiar     Summ           #.......     100%        3    ####...
 Ensorcelled Hibernation  Hex/Ice        #.....       100%        2    ###....
 Metabolic Englaciation   Hex/Ice        #.........   100%        5    ######.
 Summon Butterflies       Summ           #.......     100%        1    ##.....
 Silence                  Hex/Air        #.........   100%        5    ######.
 Shatter                  Erth           #.........   100%        9    #######
 Static Discharge         Conj/Air       #.......     100%        3    ####...
 Corona                   Hex            #......      100%        1    ##.....
 Alistair's Intoxication  Tmut/Pois      #.......     100%        5    ######.
 Lee's Rapid Deconstruct  Erth           #.........   100%        5    ######.
 Sandblast                Erth           #.....       100%        1    ##.....
 Monstrous Menagerie      Summ           #.........   100%        7    #######
 Petrify                  Tmut/Erth      #.......     100%        4    #####..
 Orb of Destruction       Conj           #.........   100%        7    #######
 Malign Gateway           Summ/Tloc      #.........   100%        7    #######
 Leda's Liquefaction      Hex/Erth       #.........   100%        4    #####..
 Summon Hydra             Summ           #.........   100%        7    #######
 Darkness                 Hex            #.........   100%        6    #######
 Shroud of Golubria       Chrm/Tloc      #.........   100%        2    ###....
 Inner Flame              Hex/Fire       #.......     100%        3    ####...
 Aura of Abjuration       Summ           #.........   100%        5    ######.
 Beastly Appendage        Tmut           #.....       100%        1    ##.....
 Iskenderun's Battlesphe  Conj/Chrm      #.......     100%        5    ######.
 Dazzling Spray           Conj/Hex       #.....       100%        3    ####...
 Summon Forest            Summ/Tloc      #.........   100%        5    ######.
 Summon Lightning Spire   Summ/Air       #.......     100%        4    #####..
 Summon Guardian Golem    Hex/Summ       #.......     100%        3    ####...
 Dragon's Call            Summ           #.........   100%        9    #######
 Spellforged Servitor     Conj/Summ      #.........   100%        7    #######
 Summon Mana Viper        Hex/Summ       #.......     100%        5    ######.
 Hydra Form               Tmut           #.........   100%        6    #######
 Irradiate                Conj/Tmut      #.........   100%        5    ######.
 Gell's Gravitas          Tloc           #.........   100%        3    ####...
 Yara's Violent Unravell  Hex/Tmut       #.........   100%        5    ######.
 Infestation              Necr           #.........   100%        8    #######
 Lesser Beckoning         Tloc           #.........   100%        3    ####...
 Borgnjor's Vile Clutch   Necr/Erth      #.........   100%        5    ######.


Dungeon Overview and Level Annotations

Branches:
Dungeon (15/15)            Temple (0/1) D:7            Lair (6/6) D:9
  Swamp (4/4) Lair:3       Spider (4/4) Lair:4        Slime (0/5) Lair:6
    Orc (2/2) D:11            Elf (3/3) Orc:2        Vaults (5/5) D:14
  Crypt (0/3) Vaults:2     Depths (5/5) D:15            Zot (0/5) Depths:5

Altars:
Cheibriados
Dithmenos
Fedhas
Gozag
Hepliaklqana
Okawaru
Qazlal
Trog
Wu Jian
Xom
Zin

Shops:
D:9 *   D:12 ?   Orc:2 %(!!%=?(*   Elf:2 !   Vaults:3 =   Depths:4 }==

Portals:
Hell: Depths:1 Depths:2 Depths:3 Depths:4 Depths:5
Abyss: Depths:4
Pandemonium: Depths:1 Depths:3 Depths:5
Ziggurat: Depths:3

Annotations:
D:11 1 runed door, WiseOSalty's ghost, journeyman TrFi
Elf:2 3 runed doors
Depths:1 3 runed doors, Viocziel's ghost, adept TrMo
Depths:5 2 runed doors, Gucom's ghost, veteran GnFi


Innate Abilities, Weirdness & Mutations

Your body is rotting away.
You thrive on raw meat.
You are immune to poison.
You have sharp fingernails.
You are carnivorous and can eat meat at any time.
Your flesh is cold resistant. (rC+)
You are immune to negative energy. (rN+++)
You do not regenerate when monsters are visible.
You are immune to unholy pain and torment.
You can survive without breathing.


Message History

The fire giant is engulfed in blazing flames.
The fire giant hits you with a great sword of flaming!
* * * LOW HITPOINT WARNING * * *
The fire giant burns you.
* * * LOW HITPOINT WARNING * * *
The tengu reaver hits you but does no damage.
The ice devil is engulfed in blazing flames.
The battlesphere is engulfed in blazing flames.
You feel much better.
You are engulfed in blazing flames.
You resist.
* * * LOW HITPOINT WARNING * * *
The quicksilver dragon is engulfed in blazing flames.
You block the quicksilver dragon's attack. x2
The titan hits you!
* * * LOW HITPOINT WARNING * * *
The stone giant is engulfed in blazing flames.
The stone giant hits you!
* * * LOW HITPOINT WARNING * * *
An orc comes into view.
The titan hits you!!
You die...

#..#....#
#..#..(.#
####..#.(..#
.....#....# #
....%#....# .#
#####.%#.§§.#..##
.%.....pC§oo#%.o.
......§pC@DTo.o%o
#####.CD*CCo..###
..%%.W9QeCo..%..
......2C4§W§§....
...%..24e2<).....
......W§G)%§§....
#####.%%3.§...%.#
.....%.%.%..#.
C..#.#.%...%#.#


You could see an orc warlord, 3 titans, a storm dragon, a cacodemon, a fire
giant, a quicksilver dragon, 2 stone giants, a vault warden, a tengu reaver, an
ettin, a deep elf elementalist, a shadow demon, a deep elf demonologist, a war
gargoyle, an ironbrand convoker, 2 ice devils, 3 freezing wraiths, a troll, a
tormentor, a ynoxinul, an orc sorcerer, a battlesphere, a golden eye shaped
shifter and 6 orcs.

Vanquished Creatures
  Sojobo (Vaults:4)
  the Lernaean hydra (Swamp:4)
  Frederick (Vaults:4)
  4 caustic shrikes
  3 golden dragons (Depths:5)
  the Enchantress (Depths:5)
  Nikola (Vaults:2)
  Jorgrun (Spider:2)
  The ghost of Zosacw the Slingshot, an adept HaHu of Okawaru (Spider:3)
  2 Ice Fiends (IceCv)
  2 liches
  A tentacled monstrosity (Depths:2)
  4 deep elf master archers (Elf:3)
  2 deep elf blademasters (Elf:3)
  2 sphinxes
  Frances (D:12)
  Kirke (Spider:1)
  2 shadow dragons (Vaults:5)
  The ghost of Pileg the Severer, an adept FoFi of Okawaru (Elf:2)
  9 tengu reavers
  5 thorn hunters
  The ghost of Imoddic the Eclecticist, an adept DECj of Vehumet (Swamp:1)
  An azure jelly (shapeshifter) (Vaults:1)
  Roxanne (D:14)
  3 deep elf sorcerers (Elf:3)
  3 ghost moths
  5 frost giants
  6 fire giants
  A balrug (Depths:3)
  7 vault wardens
  2 imperial myrmidons (Desolation)
  7 emperor scorpions
  A deep elf elementalist (Elf:2)
  An iron dragon (Depths:2)
  A draconian stormcaller (Depths:5)
  A ghoul (Vaults:3)
  13 very ugly things
  An entropy weaver (Spider:3)
  14 stone giants
  A draconian annihilator (Depths:5)
  4 deep elf demonologists
  2 spriggan defenders (Depths:5)
  10 ironheart preservers
  4 vampire knights
  3 green draconians (Depths:5)
  A yellow draconian (Depths:5)
  A black draconian (Depths:5)
  6 deep elf annihilators (Elf:3)
  A halazid warlock (Desolation)
  2 red draconians (Depths:5)
  10 spark wasps
  A purple draconian (Depths:5)
  Azrael (D:13)
  2 minotaurs
  3 crystal guardians (Desolation)
  6 deep elf death magi
  11 ettins
  12 fire dragons
  4 servants of whispers (Desolation)
  3 deep elf high priests (Elf:3)
  7 ragged hierophants (Desolation)
  13 yaktaur captains
  15 ice dragons
  21 hydras
  31 vault guards
  4 great orbs of eyes
  3 peacekeepers (Desolation)
  A monstrous demonspawn (Depths:3)
  Harold (D:8)
  6 rakshasas
  A merfolk avatar (Lair:6)
  A ghost crab (Swamp:3)
  13 alligators
  The ghost of matakusis the Summoner, a journeyman DESu of Sif Muna (D:14)
  17 ogre magi
  8 centaur warriors
  3 spriggan air magi
  2 death knights
  55 two-headed ogres
  4 deep troll shamans
  8 deep troll earth magi
  6 tengu warriors
  3 vampire magi
  Urug (Lair:6)
  4 spriggan berserkers
  Sonja (D:13)
  8 dancing weapons
  A sun demon (Depths:3)
  9 spriggans
  4 iron trolls
  A shadow wraith (Vaults:4)
  15 deep elf knights
  2 hell knights
  6 skeletal warriors
  A salamander mystic (Depths:3)
  2 spriggan druids
  14 deep elf archers
  10 swamp dragons
  23 deep trolls
  4 shambling mangroves
  4 unseen horrors
  A wizard (Depths:1)
  A flayed ghost (Depths:1)
  14 ironbrand convokers
  A harpy (shapeshifter) (Vaults:1)
  2 wolf spider zombies (D:14)
  4 glowing orange brains
  A lindwurm (D:14)
  2 phantasmal warriors
  16 orc knights
  44 ugly things
  4 necromancers
  10 orb spiders
  A frost giant zombie (D:15)
  35 wolf spiders
  3 salamanders
  45 deep elf magi
  3 orc sorcerers
  2 manticores
  An iron dragon skeleton (Depths:2)
  5 cyclopes
  A faun (shapeshifter) (Depths:5)
  A rust devil (Depths:5)
  2 guardian serpents (Desolation)
  3 moths of wrath (Spider:4)
  2 black mambas
  9 vault sentinels
  11 elephants
  2 water nymphs (shapeshifter)
  A guardian serpent (shapeshifter) (Depths:2)
  Psyche (D:8)
  2 ice statues (IceCv)
  Joseph (D:8)
  2 fire giant skeletons (Vaults:2)
  3 molten gargoyles
  2 centaur zombies
  A smoke demon (Depths:3)
  A gargoyle (D:15)
  14 spiny frogs
  46 yaktaurs
  2 torpor snails
  A spriggan zombie (Depths:2)
  2 kobold demonologists
  2 komodo dragons (shapeshifter)
  12 komodo dragons
  7 rime drakes
  2 yaktaurs (shapeshifter)
  2 human skeletons (Vaults:2)
  A hellwing (Depths:3)
  4 tengu conjurers
  5 freezing wraiths
  14 ice devils (IceCv)
  10 demonic crawlers
  A red devil (Depths:3)
  10 trolls
  3 meliai (Lair:4)
  2 polar bears (Lair:6)
  2 queen bees
  36 jumping spiders
  42 saltlings (Desolation)
  3 large abominations (Depths:4)
  2 wind drakes (Lair:6)
  8 tyrant leeches
  Prince Ribbit (D:8)
  A fire dragon zombie (D:15)
  28 slime creatures
  A hornet (shapeshifter) (D:14)
  15 hippogriffs
  23 hornets
  6 dream sheep (Lair:4)
  4 blink frogs (Lair:6)
  2 stone giant simulacra
  3 blink frogs (shapeshifter)
  11 bog bodies
  A frost giant simulacrum (Vaults:2)
  An ettin skeleton (Depths:2)
  A shadow (D:15)
  5 air elementals
  2 spriggans (shapeshifter)
  35 tarantellas
  6 wraiths
  A redback (shapeshifter) (Vaults:2)
  A human (Spider:3)
  An ice dragon skeleton (D:15)
  7 water elementals
  72 redbacks
  2 tarantellas (shapeshifter)
  3 wyverns
  2 fire elementals
  3 hogs (Spider:1)
  A human (shapeshifter) (Vaults:1)
  5 basilisks
  A fire bat (Volcano)
  3 chaos spawn (Depths:4)
  Grum (D:11)
  A golden eye (shapeshifter) (Vaults:4)
  42 yaks
  2 hungry ghosts
  34 vampire mosquitoes
  3 wargs
  5 insubstantial wisps (Swamp:3)
  A soldier ant (shapeshifter) (Vaults:2)
  17 swamp worms
  8 water moccasins
  5 hell hounds
  Duvessa (D:7)
  12 porcupines
  5 ice beasts
  33 orc warriors
  2 eyes of draining
  8 sky beasts
  14 swamp drakes
  A black bear (D:9)
  55 ogres
  2 phantoms
  19 boggarts
  3 wolves (D:11)
  13 crocodiles
  5 centaurs
  5 big kobolds
  15 bullfrogs
  5 earth elementals
  11 small abominations
  3 gnoll sergeants (D:11)
  Dowan (D:7)
  2 human simulacra
  2 scorpions
  27 killer bees
  2 troll skeletons (Lab)
  5 wights (D:13)
  3 howler monkeys
  2 electric eels
  2 spriggan skeletons
  8 crimson imps
  A bullfrog zombie (D:7)
  3 quasits
  6 lava snakes (Volcano)
  3 jellies
  15 orc priests
  4 hounds
  A gnoll shaman (D:6)
  6 centaur skeletons
  3 bullfrog skeletons
  5 iguanas
  14 worker ants
  25 orc wizards
  An ogre skeleton (Lab)
  A hound zombie (D:11)
  11 gnolls
  11 adders
  3 shadow imps
  10 white imps
  6 ufetubi
  5 oozes
  An adder skeleton (D:4)
  5 worms
  5 dart slugs
  2 leopard geckos
  90 orcs
  A giant cockroach (D:1)
  7 goblins
  9 hobgoblins
  15 jackals
  7 quokkas
  2 ball pythons
  11 bats
  7 frilled lizards
  A jackal zombie (D:7)
  11 kobolds
  A leopard gecko skeleton (D:6)
  A quokka skeleton (D:6)
  7 rats
  2 briar patches (Swamp:4)
  2 plants
1964 creatures vanquished.

Vanquished Creatures (collateral kills)
  2 deep elf annihilators (Elf:3)
  An orc warrior (Vaults:4)
  An orc priest (Vaults:4)
  An orc (Vaults:4)
5 creatures vanquished.

Vanquished Creatures (others)
  A tengu reaver (Vaults:4)
  A stone giant (Vaults:5)
  A centaur warrior (Depths:3)
  A two-headed ogre (Vaults:4)
  A deep elf archer (Vaults:4)
  A tengu zombie (Vaults:2)
  A cyclops (Vaults:1)
  7 yaktaurs
  An entropy weaver simulacrum (Vaults:2)
  A water elemental (Elf:3)
  An ogre (Vaults:4)
  A centaur (D:12)
  A jelly (D:8)
  An orc wizard (Vaults:1)
  A white imp (IceCv)
  2 ufetubi (IceCv)
  2 briar patches (Swamp:4)
  13 fungi
  17 plants
55 creatures vanquished.

Grand Total: 2024 creatures vanquished

Notes
Turn   | Place    | Note
-------+----------+-------------------------------------------
     0 | D:1      | CanOfBees the Ghoul Monk began the quest for the Orb.
     0 | D:1      | Reached XP level 1. HP: 19/19 MP: 0/0
    70 | D:1      | Reached XP level 2. HP: 26/26 MP: 1/1
   313 | D:1      | Reached XP level 3. HP: 30/33 MP: 2/2
   411 | D:1      | Reached skill level 4 in Unarmed Combat
   804 | D:1      | Reached XP level 4. HP: 33/40 MP: 3/3
  1824 | D:2      | Reached XP level 5. HP: 45/47 MP: 4/4
  2022 | D:3      | Found an ornate altar of the Wu Jian Council.
  2111 | D:3      | Found a shadowy altar of Dithmenos.
  2379 | D:3      | Found a snail-covered altar of Cheibriados.
  2383 | D:3      | Found an iron altar of Okawaru.
  2384 | D:3      | Found a blossoming altar of Fedhas.
  2397 | D:3      | Became a worshipper of Warmaster Okawaru
  2397 | D:3      | Reached * piety under Okawaru
  2397 | D:3      | Reached ** piety under Okawaru
  2533 | D:4      | Reached skill level 5 in Fighting
  2533 | D:4      | Reached skill level 1 in Armour
  2533 | D:4      | Reached skill level 5 in Unarmed Combat
  2665 | D:4      | Reached skill level 1 in Invocations
  2737 | D:4      | Reached XP level 6. HP: 35/56 MP: 5/5
  2929 | D:4      | Noticed a phantom
  2973 | D:4      | Killed a phantom
  2973 | D:4      | Reached XP level 7. HP: 47/61 MP: 5/7
  3405 | D:5      | Entered Level 5 of the Dungeon
  4236 | D:6      | Reached *** piety under Okawaru
  4373 | D:6      | Reached skill level 6 in Unarmed Combat
  4447 | D:6      | Reached XP level 8. HP: 63/70 MP: 9/9
  4601 | D:6      | Found a shimmering altar of Xom.
  4988 | D:7      | Noticed Dowan
  4989 | D:7      | Noticed Duvessa
  5004 | D:7      | Killed Duvessa
  5011 | D:7      | Killed Dowan
  5011 | D:7      | Reached **** piety under Okawaru
  5121 | D:7      | Reached skill level 7 in Unarmed Combat
  5260 | D:7      | Found a staircase to the Ecumenical Temple.
  5291 | D:7      | Reached skill level 5 in Invocations
  5307 | D:7      | Reached XP level 9. HP: 66/79 MP: 8/11
  5447 | D:7      | Reached ***** piety under Okawaru
  5914 | D:8      | Noticed Psyche
  5921 | D:8      | Killed Psyche
  5921 | D:8      | Reached skill level 5 in Armour
  5921 | D:8      | Reached skill level 1 in Shields
  5951 | D:8      | Noticed Harold
  5985 | D:8      | Killed Harold
  5985 | D:8      | Reached skill level 8 in Unarmed Combat
  6550 | D:8      | Found a bloodstained altar of Trog.
  6651 | D:8      | Noticed Joseph
  6671 | D:8      | Killed Joseph
  6671 | D:8      | Reached XP level 10. HP: 68/90 MP: 12/14
  6691 | D:8      | Noticed a two-headed ogre
  6707 | D:8      | Killed a two-headed ogre
  6707 | D:8      | Reached skill level 9 in Unarmed Combat
  6730 | D:8      | Found a stormy altar of Qazlal.
  6767 | D:8      | Noticed a two-headed ogre
  6780 | D:8      | Noticed Prince Ribbit
  6791 | D:8      | Received a gift from Okawaru
  6799 | D:8      | Killed Prince Ribbit
  7140 | D:8      | Killed a two-headed ogre
  7224 | D:8      | Found a hazy altar of Hepliaklqana.
  7625 | D:9      | Found Zin's Purification Station.
  7627 | D:9      | Found a glowing silver altar of Zin.
  8070 | D:9      | Found a staircase to the Lair.
  8085 | D:9      | Reached skill level 5 in Shields
  8085 | D:9      | Reached XP level 11. HP: 58/99 MP: 14/16
  8087 | D:9      | Reached skill level 10 in Fighting
  8087 | D:9      | Reached skill level 10 in Unarmed Combat
  8586 | D:10     | Entered Level 10 of the Dungeon
  9036 | D:10     | Noticed a two-headed ogre
  9039 | D:10     | HP: 4/101 [two-headed ogre/giant club (13)]
  9041 | D:10     | Killed a two-headed ogre
  9404 | Lair:1   | Entered Level 1 of the Lair of Beasts
 10080 | Lair:1   | Reached skill level 11 in Unarmed Combat
 10342 | Lair:2   | Received a gift from Okawaru
 10359 | Lair:2   | Reached skill level 1 in Evocations
 10374 | Lair:2   | Got a scorched crystal plate armour {god gift}
 10386 | Lair:2   | Identified the +10 crystal plate armour "Ufrew" {Dex+2 Stlth+} (Okawaru gifted it to you on level 2 of the Lair of Beasts)
 11203 | Lair:3   | Found a staircase to the Swamp.
 11273 | Lair:3   | Reached XP level 12. HP: 105/110 MP: 15/17
 11817 | Lair:4   | Got a polished cloak
 11823 | Lair:4   | Identified the +2 cloak of the Loofah {rF+ MP+9 Int-5} (You found it on level 4 of the Lair of Beasts)
 11823 | Lair:4   | Lost intelligence.
 12139 | Lair:4   | Found a hole to the Spider Nest.
 12589 | Lair:4   | Noticed a thorn hunter
 12589 | Lair:4   | an oklob plant changed into a thorn hunter
 12617 | Lair:4   | Killed a thorn hunter
 12617 | Lair:4   | Received a gift from Okawaru
 12617 | Lair:4   | Reached ****** piety under Okawaru
 12617 | Lair:4   | Reached skill level 12 in Unarmed Combat
 13076 | Lair:4   | Got a translucent hat {god gift}
 13077 | Lair:4   | Identified the +1 hat "Oxaff" {rN++} (Okawaru gifted it to you on level 4 of the Lair of Beasts)
 13563 | Lair:5   | Found a labyrinth entrance.
 13573 | Lab      | Entered a labyrinth
 13932 | Lab      | Noticed a minotaur
 13954 | Lab      | Killed a minotaur
 13954 | Lab      | Reached XP level 13. HP: 97/117 MP: 11/18
 13970 | Lab      | Found the +12 Vampire's Tooth {vamp}
 13973 | Lab      | Got a distressingly furry chain mail
 13973 | Lab      | Got a steaming chain mail
 14399 | Lair:5   | Reached skill level 5 in Evocations
 14940 | Lair:6   | Entered Level 6 of the Lair of Beasts
 15094 | Lair:6   | Noticed Urug
 15240 | Lair:6   | Received a gift from Okawaru
 15370 | Lair:6   | Got a warped ring mail {god gift}
 15649 | Lair:6   | Reached skill level 13 in Unarmed Combat
 15852 | Lair:6   | Received a gift from Okawaru
 15905 | Lair:6   | Identified the +5 ring mail of the Grue {rF+ Str-5 Int+3} (Okawaru gifted it to you on level 6 of the Lair of Beasts)
 16084 | Lair:6   | Identified the +2 chain mail "Veamoabb" {-Cast rF++} (You found it in a labyrinth)
 16099 | Lair:6   | Got a scintillating lapis lazuli ring
 16136 | Lair:6   | Killed Urug
 16136 | Lair:6   | Reached XP level 14. HP: 116/129 MP: 19/19
 16764 | D:11     | Noticed Grum
 16791 | D:11     | Killed Grum
 16934 | D:11     | Found a runed door.
 16937 | D:11     | Noticed WiseOSalty's ghost (journeyman TrFi)
 17336 | D:11     | Found a staircase to the Orcish Mines.
 17358 | D:11     | Reached skill level 1 in Slings
 17511 | D:12     | Found Qucux's Magic Scroll Shoppe.
 17512 | D:12     | Noticed Frances
 17527 | D:12     | Killed Frances
 17554 | D:12     | Bought a scroll of identify for 30 gold pieces
 17554 | D:12     | Bought 3 scrolls of identify for 90 gold pieces
 17554 | D:12     | Bought a scroll of identify for 30 gold pieces
 17554 | D:12     | Bought a scroll of remove curse for 45 gold pieces
 17558 | D:12     | Identified the ring "Neblev" {Fire Dex+4} (You found it on level 6 of the Lair of Beasts)
 17559 | D:12     | Identified the +1 chain mail of Dotwir {Dex+2} (You found it in a labyrinth)
 17561 | D:12     | Identified a scroll of acquirement
 18397 | D:12     | Reached skill level 10 in Shields
 18726 | D:12     | Received a gift from Okawaru
 19479 | D:13     | Noticed Sonja
 19485 | D:13     | Killed Sonja
 19541 | D:13     | Reached skill level 14 in Unarmed Combat
 20080 | D:14     | Noticed Azrael
 20095 | D:13     | Killed Azrael
 20095 | D:13     | Received a gift from Okawaru
 20167 | D:14     | Reached XP level 15. HP: 125/137 MP: 20/20
 20255 | D:14     | Received a gift from Okawaru
 20348 | D:14     | Noticed Roxanne
 20401 | D:14     | Killed Roxanne
 20402 | D:14     | Identified Roxanne's Compendium of the Mountains (You took it off Roxanne on level 14 of the Dungeon)
 20481 | D:14     | Reached skill level 5 in Slings
 20549 | D:14     | Reached skill level 10 in Armour
 20725 | D:14     | Found a runed gate.
 20726 | D:14     | Found a runed gate.
 20727 | D:14     | Found a runed gate.
 20737 | D:14     | Noticed matakusis's ghost (journeyman DESu)
 20854 | D:14     | Received a gift from Okawaru
 20864 | D:14     | Killed matakusis's ghost
 21138 | D:14     | Found a gate to the Vaults.
 21232 | D:15     | Entered Level 15 of the Dungeon
 21666 | D:15     | Received a gift from Okawaru
 21758 | D:15     | Found a staircase to the Depths.
 21799 | D:15     | Reached skill level 15 in Fighting
 21799 | D:15     | Reached skill level 15 in Unarmed Combat
 21877 | D:15     | Found an opulent altar of Gozag.
 22054 | D:15     | Got a distressingly furry helmet
 22066 | D:15     | Identified the cursed -4 helmet of Apathy {Slay+2} (You found it on level 15 of the Dungeon)
 22752 | D:9      | Upgraded the game from 0.23-a0-41-g8b50da7 to 0.23-a0-49-gd9f7a49
 22828 | Swamp:1  | Entered Level 1 of the Swamp
 22993 | Swamp:1  | Reached XP level 16. HP: 129/148 MP: 18/21
 23000 | Swamp:1  | Received a gift from Okawaru
 23067 | Swamp:1  | Found a runed door.
 23585 | Swamp:1  | Noticed Imoddic's ghost (adept DECj)
 23614 | Swamp:1  | Killed Imoddic's ghost
 23623 | Swamp:1  | Got an ancient helmet
 23626 | Swamp:1  | Identified the cursed +0 helmet of the Guilds {Dex+2} (You found it on level 1 of the Swamp)
 24960 | Swamp:3  | Reached skill level 16 in Unarmed Combat
 24970 | Swamp:3  | Noticed a thorn hunter
 24984 | Swamp:3  | Killed a thorn hunter
 25053 | Swamp:3  | Reached skill level 5 in Stealth
 25053 | Swamp:3  | Reached XP level 17. HP: 157/157 MP: 22/22
 25108 | Swamp:3  | Received a gift from Okawaru
 25402 | Swamp:3  | Received a gift from Okawaru
 25616 | Swamp:3  | Reached skill level 17 in Unarmed Combat
 25616 | Swamp:3  | Reached XP level 18. HP: 167/167 MP: 23/23
 26079 | Swamp:4  | Entered Level 4 of the Swamp
 26693 | Swamp:4  | Reached XP level 19. HP: 121/174 MP: 24/24
 26861 | Swamp:4  | Noticed the 27-headed Lernaean hydra
 26874 | Swamp:4  | Killed the 27-headed Lernaean hydra
 26957 | Swamp:4  | Got a decaying rune of Zot
 27515 | Spider:1 | Entered Level 1 of the Spider Nest
 27533 | Spider:1 | Found a frozen archway.
 27540 | IceCv    | Entered an ice cave
 27840 | IceCv    | Received a gift from Okawaru
 27905 | IceCv    | Noticed an Ice Fiend
 27906 | IceCv    | Noticed an Ice Fiend
 27921 | IceCv    | Killed an Ice Fiend
 27928 | IceCv    | Killed an Ice Fiend
 27928 | IceCv    | Reached skill level 18 in Unarmed Combat
 28150 | IceCv    | Got a dazzling demon blade
 28390 | Spider:1 | Noticed Kirke
 28401 | Spider:1 | Killed Kirke
 29518 | Spider:2 | Noticed Jorgrun
 29558 | Spider:2 | Killed Jorgrun
 29558 | Spider:2 | Received a gift from Okawaru
 30129 | Spider:2 | Identified the +3 demon blade "Dugaufe" {antimagic, Stlth+} (You found it in an ice cave)
 30998 | Spider:3 | Received a gift from Okawaru
 30998 | Spider:3 | Reached XP level 20. HP: 163/187 MP: 25/25
 31013 | Spider:3 | Got a pair of warped boots {god gift}
 31103 | Spider:3 | Found a runed door.
 31103 | Spider:3 | Found a shimmering altar of Xom.
 31103 | Spider:3 | Noticed Zosacw's ghost (adept HaHu)
 31150 | Spider:3 | Killed Zosacw's ghost
 31430 | Spider:4 | Entered Level 4 of the Spider Nest
 31593 | Spider:4 | Identified the -1 pair of boots "Eseung" {rPois} (Okawaru gifted it to you on level 3 of the Spider Nest)
 31645 | Spider:4 | Got an ichor-stained plate armour
 31972 | Spider:4 | Identified the +0 plate armour of Snakes and Ladders {-Cast rPois MR- Int+10} (You found it on level 4 of the Spider Nest)
 32074 | Spider:4 | Reached skill level 19 in Unarmed Combat
 32525 | Spider:4 | Reached skill level 15 in Shields
 32873 | Spider:4 | Got a gossamer rune of Zot
 33409 | Orc:1    | Entered Level 1 of the Orcish Mines
 33716 | Orc:2    | Entered Level 2 of the Orcish Mines
 33716 | Orc:2    | Found Guku Fuh's Distillery.
 33787 | Orc:2    | Received a gift from Okawaru
 33835 | Orc:2    | Found a dark tunnel.
 33841 | Volcano  | Entered a volcano
 33909 | Volcano  | Found a bloodstained altar of Trog.
 33998 | Volcano  | Got a pair of jewelled boots
 34216 | Orc:2    | Found Piky's Food Shoppe.
 34248 | Orc:2    | Found Diteam's Weapon Boutique.
 34346 | Orc:2    | Bought a potion of invisibility for 104 gold pieces
 34346 | Orc:2    | Bought a potion of cancellation for 104 gold pieces
 34634 | Orc:2    | Found a staircase to the Elven Halls.
 34635 | Orc:2    | Found Acwoyre's Weapon Shoppe.
 34680 | Orc:2    | Found Fehontay's Assorted Antiques.
 34728 | Orc:2    | Bought a scroll labeled MIP IGAOMAHAEF for 29 gold pieces
 34728 | Orc:2    | Bought a scroll of identify for 58 gold pieces
 34729 | Orc:2    | Identified the +2 pair of boots of Doger {rElec MR+} (You found it in a volcano)
 34868 | Orc:2    | Reached skill level 20 in Unarmed Combat
 34984 | Orc:2    | Found Ruroc's Food Shoppe.
 34984 | Orc:2    | Found Veghits's Magic Scroll Boutique.
 34985 | Orc:2    | Found Noita's Jewellery Shoppe.
 34985 | Orc:2    | Found Bioz's Distillery.
 35022 | Orc:2    | Bought a scroll of remove curse for 36 gold pieces
 35022 | Orc:2    | Bought a scroll of identify for 24 gold pieces
 35022 | Orc:2    | Bought a scroll of remove curse for 36 gold pieces
 35022 | Orc:2    | Bought a scroll of brand weapon for 240 gold pieces
 35022 | Orc:2    | Bought a scroll of identify for 24 gold pieces
 35022 | Orc:2    | Bought a scroll of enchant armour for 90 gold pieces
 35022 | Orc:2    | Bought a scroll of summoning for 114 gold pieces
 35865 | Vaults:1 | Entered Level 1 of the Vaults
 36187 | Vaults:1 | Reached XP level 21. HP: 164/198 MP: 26/26
 36248 | Vaults:1 | Identified the +11 great mace "Giantbane" {speed, rC+ rN++} (You found it on level 1 of the Vaults)
 36287 | Vaults:1 | Received a gift from Okawaru
 37265 | Vaults:2 | Noticed Nikola
 37277 | Vaults:2 | Killed Nikola
 37277 | Vaults:2 | Received a gift from Okawaru
 37277 | Vaults:2 | Reached skill level 21 in Unarmed Combat
 37747 | Vaults:2 | Identified the +0 crystal plate armour "Qabetesi" {rC- MR+++ Regen+ Str-4} (You acquired it on level 2 of the Vaults)
 38588 | Vaults:2 | Got a transparent iron ring
 38685 | Vaults:2 | Received a gift from Okawaru
 38771 | Vaults:2 | Found a staircase to the Crypt.
 39143 | Vaults:3 | Found Roiteh's Jewellery Emporium.
 39161 | Vaults:3 | Bought a +5 ring of strength for 494 gold pieces
 39410 | Vaults:3 | Reached skill level 22 in Unarmed Combat
 40009 | Vaults:3 | Reached XP level 22. HP: 210/210 MP: 22/27
 40976 | Vaults:4 | Noticed Frederick
 40998 | Vaults:4 | Killed Frederick
 41024 | Vaults:4 | Got a serpentine jade amulet
 42295 | Vaults:4 | Reached skill level 23 in Unarmed Combat
 42303 | Vaults:4 | Received a gift from Okawaru
 42548 | Vaults:4 | Received a gift from Okawaru
 42828 | Vaults:4 | Received a gift from Okawaru
 42895 | Vaults:4 | Noticed Sojobo
 43413 | Vaults:4 | Killed Sojobo
 43413 | Vaults:4 | Received a gift from Okawaru
 43901 | D:9      | Identified the amulet of Suraoson {Inacc rC+} (You found it on level 4 of the Vaults)
 43902 | D:9      | Identified the ring "Qacih" {+Fly MR+++ Dex+3} (You took it off an ironbrand convoker on level 2 of the Vaults)
 44076 | Depths:1 | Entered Level 1 of the Depths
 44233 | Depths:1 | Found a one-way gate leading to the halls of Pandemonium.
 44413 | Depths:1 | Received a gift from Okawaru
 44417 | Depths:1 | Reached skill level 24 in Unarmed Combat
 44517 | Depths:1 | Reached XP level 23. HP: 163/220 MP: 28/28
 44749 | Depths:1 | Found a runed gate.
 44751 | Depths:1 | Found a runed gate.
 44754 | Depths:1 | Found a runed gate.
 44759 | Depths:1 | Noticed Viocziel's ghost (adept TrMo)
 44768 | Depths:1 | Found a gateway to Hell.
 45326 | Depths:2 | Noticed a caustic shrike
 45338 | Depths:2 | Killed a caustic shrike
 45485 | Depths:2 | Received a gift from Okawaru
 45618 | Depths:2 | Received a gift from Okawaru
 45743 | Depths:2 | Reached skill level 25 in Unarmed Combat
 46873 | Depths:2 | Received a gift from Okawaru
 46965 | Depths:3 | Found a gateway to a ziggurat.
 47946 | Depths:4 | Reached XP level 24. HP: 205/232 MP: 28/28
 47971 | Depths:4 | Found a one-way gate to the infinite horrors of the Abyss.
 48167 | Depths:4 | Found a snail-covered altar of Cheibriados.
 48216 | Depths:4 | Received a gift from Okawaru
 48378 | Depths:4 | Found Pifiown's Gadget Emporium.
 48378 | Depths:4 | Found Nis Dips's Jewellery Boutique.
 48379 | Depths:4 | Found Yhiogobe's Jewellery Boutique.
 48705 | Depths:4 | Reached skill level 26 in Unarmed Combat
 48722 | Depths:4 | Got an encrusted plate armour
 48891 | Depths:5 | Entered Level 5 of the Depths
 48907 | Depths:5 | Found a large runed door.
 48907 | Depths:5 | Found a large runed door.
 49000 | Depths:5 | Received a gift from Okawaru
 49096 | Depths:5 | Found a gate to the Realm of Zot.
 50102 | Depths:5 | Received a gift from Okawaru
 50280 | Depths:5 | Noticed the Enchantress
 50300 | Depths:5 | Killed the Enchantress
 50319 | Depths:5 | Got faerie dragon scales
 50340 | Depths:5 | Noticed Gucom's ghost (veteran GnFi)
 50354 | Depths:5 | Noticed a caustic shrike
 50355 | Depths:5 | Noticed a caustic shrike
 50355 | Depths:5 | Noticed a caustic shrike
 50364 | Depths:5 | Killed a caustic shrike
 50366 | Depths:5 | Killed a caustic shrike
 50369 | Depths:5 | Killed a caustic shrike
 50551 | Depths:5 | Identified the +5 plate armour "Faasil" {rElec} (You found it on level 4 of the Depths)
 50562 | Depths:5 | Identified the +1 faerie dragon scales {rCorr Stlth+} (You took it off the Enchantress on level 5 of the Depths)
 51078 | Depths:4 | Bought the amulet of the Four Winds {rN+ MR+++ Clar} for 526 gold pieces
 51078 | Depths:4 | Bought an uncursed ring of see invisible for 180 gold pieces
 51078 | Depths:4 | Found the amulet of the Four Winds {rN+ MR+++ Clar}
 51470 | Elf:1    | Entered Level 1 of the Elven Halls
 51554 | Elf:1    | Found a ruined gateway.
 51577 | Desolati | Entered the Desolation of Salt
 51596 | Desolati | Reached skill level 27 in Unarmed Combat
 51667 | Desolati | Reached skill level 5 in Dodging
 51731 | Desolati | Identified the Handbook of the Traveller
 51750 | Desolati | Got a transparent iron ring
 51860 | Desolati | Found the cursed +14 obsidian axe {chop, +Fly SInv *Curse}
 51870 | Desolati | Found the +2 shield of Resistance {rF+ rC+ MR+}
 51927 | Desolati | Got a heavily runed plate armour
 52049 | Desolati | Reached XP level 25. HP: 222/243 MP: 28/28
 52281 | Desolati | Got a transparent bone ring
 52545 | Elf:1    | Received a gift from Okawaru
 52584 | Elf:1    | Identified the Almanac of Summoning
 53275 | Elf:2    | Received a gift from Okawaru
 53404 | Elf:2    | Found Ziapom's Distillery.
 53483 | Elf:2    | Bought a potion of cancellation for 88 gold pieces
 53483 | Elf:2    | Bought 2 potions of heal wounds for 110 gold pieces
 53483 | Elf:2    | Bought a potion of agility for 44 gold pieces
 53483 | Elf:2    | Bought a potion of cancellation for 88 gold pieces
 53483 | Elf:2    | Bought a potion of heal wounds for 55 gold pieces
 53483 | Elf:2    | Bought 2 potions of heal wounds for 110 gold pieces
 53483 | Elf:2    | Bought a potion of agility for 44 gold pieces
 53517 | Elf:2    | Received a gift from Okawaru
 53546 | Elf:2    | Found a runed door.
 53547 | Elf:2    | Noticed Pileg's ghost (adept FoFi)
 53559 | Elf:2    | Killed Pileg's ghost
 53565 | Elf:2    | Identified the ring of Danavuk {EV+4 SInv} (You found it in the Desolation of Salt)
 53626 | Elf:2    | Got a heavily runed scale mail {god gift}
 53643 | Elf:2    | Identified the +2 scale mail of the Game Afoot {Str+4 Int+5 Dex+4 Stlth+} (Okawaru gifted it to you on level 2 of the Elven Halls)
 53662 | Elf:2    | Identified the ring of Lejones {Fire rPois} (You found it in the Desolation of Salt)
 53927 | Elf:2    | Found a runed gate.
 53927 | Elf:2    | Found a runed gate.
 53927 | Elf:2    | Found a runed gate.
 54112 | Elf:3    | Entered Level 3 of the Elven Halls
 55585 | Elf:3    | Identified Sif Muna's Papyrus of the Earthen Birds
 55600 | Elf:3    | Identified Sif Muna's Tome of the Big Bang
 56260 | Vaults:5 | Entered Level 5 of the Vaults
 56269 | Vaults:5 | Reached skill level 10 in Dodging
 56275 | Vaults:5 | Received a gift from Okawaru
 56276 | Vaults:5 | Reached XP level 26. HP: 101/255 MP: 24/28
 56292 | Vaults:5 | Mangled by a titan

Vault maps used:
D:1:      erik_arrival_gehennom
D:3:      lemuel_crystal_altar, grunt_dithmenos_smoke_and_mirrors,
          grunt_temple_overflow_open, first_ration
D:6:      basic_altar
D:7:      temple_green, uniq_duvessa
D:8:      kennysheep_mini_moat, grunt_qazlal_clouds,
          hangedman_decor_peaks_small, grunt_ogre_cave, trog_hazing_becter,
          uniq_psyche, uniq_joseph, uniq_prince_ribbit1, uniq_harold
D:9:      zin_purify, lair_entry_dummy
D:11:     kennysheep_orc_monster_closet_entryway, ebering_ghost_reflecting_pool,
          kennysheep_generic_room_3, uniq_grum
D:12:     kennysheep_windowed_halls, serial_shops,
          nicolae_shop_temple_entry_statues_fountains, grunt_tough_drop,
          uniq_frances
D:13:     uniq_sonja
D:14:     david_vaults_4, maelrawn_ghost_labyrinth_escape,
          kennysheep_generic_room_7, uniq_azrael, uniq_roxanne
D:15:     gammafunk_depths_entry_grave,
          nicolae_gozag_cash_rules_everything_around_me, minmay_misc_feat_doors,
          item_on_display_a
Lair:1:   minmay_holes
Lair:3:   swamp_mist, infiniplex_staircase_pool
Lair:4:   spider_nest_entry_rubble, minmay_lair_oklob_chamber,
          infiniplex_staircase_pool_2
Lair:5:   lab_entry_generic
Lair:6:   gammafunk_lair_ancient_temple, dpeg_slime_entry_enclosed_altar,
          uniq_urug
Swamp:1:  ebering_ghost_reflecting_pool, evilmike_swamp_ruin_house_6,
          swamp_pool5
Swamp:2:  evilmike_swamp_ruin_house_4
Swamp:3:  nicolae_swamp_fairy_circle, hangedman_swamp_lotus
Swamp:4:  grunt_swamp_rune_castle
Spider:1: portal_ice_cave_entry_pillars_1, uniq_kirke
Spider:2: hangedman_spider_tarantella_strand, uniq_jorgrun
Spider:3: ebering_ghost_xom, nicolae_spider_circle_web
Spider:4: grunt_spider_rune_circles, spiders_nest_ghost_moth_duel
Orc:2:    st_orc_ogre_mass, nicolae_volcano_entry_s_turn, serial_shops, shop,
          shop, shop_statue, nicolae_shop_temple_entry_statues_fountains, shop,
          nicolae_orc_flooded_monolith, minmay_orc_keep
Elf:1:    minmay_elf_arrival_plus, portal_desolation_entry_nicolae_slug,
          minmay_elf_demonology
Elf:2:    gammafunk_ghost_grave, serial_shops, nicolae_shop_waterfront
Elf:3:    minmay_elf_hall_circle
Vaults:1: nicolae_vaults_little_squares_2, nicolae_vaults_angled_halls,
          vaults_room_door_ring, hangedman_vaults_stretched_pinwheel,
          vaults_room_stairs_pillars, nicolae_vaults_little_squares_3,
          vaults_mumra_lcd, v_alt_pattern_6, nicolae_vaults_puzzle_piece,
          nicolae_vaults_big_angled_halls, hangedman_vaults_slice,
          nicolae_vaults_yaktaur_gun_rack, vaults_room_large_hall,
          ontoclasm_vaults_chip, vaults_dpeg_hooks, nicolae_vaults_alarming
Vaults:2: minmay_crypt_entry_simple_sparse, hangedman_vaults_stagger,
          nicolae_vaults_big_ls, ontoclasm_vaults_shuriken, v_alt_pattern_3,
          st_check, grunt_vaults_diagonal, ontoclasm_vaults_ligature,
          hangedman_vaults_nodes, v_misc_8, vaults_room_door_ring, v_misc_9,
          ontoclasm_vaults_fault, uniq_nikola
Vaults:3: ontoclasm_vaults_ring_large, v_misc_13, ontoclasm_vaults_eye,
          vaults_room_door_hall, vaults_mumra_chevron,
          nicolae_vaults_shelves_hall, nicolae_vaults_circle_grid_b,
          hangedman_vaults_maws, v_misc_13, serial_shops,
          nicolae_shop_window_shopping
Vaults:4: v_misc_17, nicolae_vaults_windows_and_doors_thing,
          vaults_room_grunt_arrival_ludios, vaults_mumra_minichess_inversion,
          nicolae_vaults_minivaults, v_alt_pattern_4, hangedman_vaults_maws,
          v_alt_pattern_3, nicolae_vaults_diagonal_hallway_9,
          hangedman_vaults_slice, nicolae_vaults_mini_display_case,
          ontoclasm_vaults_gateway, nicolae_vaults_little_squares_2,
          uniq_frederick, uniq_sojobo
Vaults:5: uniq_saint_roka
Depths:1: rand_demon_pan_entry_3, grunt_decor_clamped, gammafunk_ghost_split,
          hell_entry, wad_dig_loot
Depths:2: minmay_the_grid_3x3, hell_entry, feat_on_display
Depths:3: kennysheep_six_static_rooms, enter_ziggurat_a, hangedman_decor_lopped,
          grunt_pan_entry_zigzag, hell_entry, infiniplex_staircase_zigzag_2,
          firewood_loft
Depths:4: kennysheep_spiral_hall, hell_entry, minmay_room_of_horrors,
          cheibriados_altar_1, minmay_shop_grove, serial_bayou_shore_b,
          minmay_staircase_bubble
Depths:5: grunt_crosshair, ebering_ghost_disaster_area,
          grunt_hell_entry_dis_grunt, nrook_pool_corridor, pan_entry,
          uniq_enchantress
Lab:      labyrinth_mini_lab, nicolae_lab_plus, nicolae_lab_hexagon, lab_block,
          lab_hedge, labyrinth_skeletal_remains, nicolae_lab_grate
IceCv:    ice_cave_small_demon
Volcano:  volcano_lake

Skill      XL: |  1  2  3  4  5  6  7  8  9 10 11 12 13 14 15 16 17 18 19 20 21 22 23 24 25 |
---------------+----------------------------------------------------------------------------+-----
Dodging        | 3 4 5 10 | 10.0
Fighting       | 4 5 6 7 8 9 11 12 13 14 15 16 18 19 20 21 22 23 24 | 24.8
Unarmed Combat | 4 5 6 7 8 9 11 12 13 14 15 16 17 18 20 22 24 25 27 | 27.0
Armour         | 1 2 3 4 5 6 8 9 10 | 10.0
Invocations    | 1 2 3 5 6 8 |  8.0
Shields        | 2 5 7 8 9 10 11 12 13 14 15 | 15.0
Evocations     | 2 4 5 |  5.0
Slings         | 4 5 |  5.0
Stealth        | 5 7 |  7.0

Action                   |  1- 3 |  4- 6 |  7- 9 | 10-12 | 13-15 | 16-18 | 19-21 | 22-24 | 25-27 || total
-------------------------+-------+-------+-------+-------+-------+-------+-------+-------+-------++-------
Melee: Unarmed           |   132 |   227 |   326 |   766 |  1518 |   557 |  2097 |  1390 |   423 ||  7436
       Punch             |     6 |     4 |    13 |       |       |       |       |       |       ||    23
       Fustibalus        |       |       |       |       |       |       |    19 |       |       ||    19
 Fire: Fustibalus        |       |       |       |     7 |    24 |    13 |    36 |     5 |     7 ||    92
Throw: Stone             |     4 |     3 |       |     3 |       |       |       |       |       ||    10
       Tomahawk          |       |       |       |    17 |       |       |       |       |       ||    17
       Javelin           |       |       |       |       |    16 |       |       |       |       ||    16
       Throwing net      |       |       |       |       |     7 |       |     5 |       |       ||    12
Invok: Heroism           |       |     2 |     8 |    17 |    26 |    15 |    53 |    41 |    10 ||   172
       Finesse           |       |       |     1 |     3 |     6 |     6 |    16 |    10 |     4 ||    46
 Abil: Evoke Flight      |       |       |       |       |     1 |     1 |       |       |       ||     2
       Stop Flying       |       |       |       |       |       |       |       |       |     1 ||     1
Evoke: Wand              |       |       |     4 |    13 |    18 |     5 |    39 |     9 |     6 ||    94
       Lamp of fire      |       |       |       |       |       |       |     1 |       |     1 ||     2
       Fan of gales      |       |       |       |       |       |       |       |     1 |       ||     1
       Phial of floods   |       |       |       |       |       |       |       |       |     1 ||     1
  Use: Scroll            |       |     1 |     6 |    11 |    26 |     9 |    18 |    16 |    10 ||    97
       Potion            |       |       |       |     6 |     4 |     2 |     8 |     7 |    11 ||    38
 Stab: Sleeping          |     3 |     4 |       |       |       |       |       |       |       ||     7
       Paralysed         |       |       |       |       |     2 |       |       |       |       ||     2
       Invisible         |       |       |       |       |       |       |     4 |       |       ||     4
  Eat: Chunk             |    26 |    27 |    52 |   130 |   200 |    91 |   348 |   315 |    67 ||  1256
       Ration            |       |       |       |     1 |       |       |       |     2 |       ||     3
Armor: Robe              |    28 |    12 |       |       |       |       |       |       |       ||    40
       Scale mail        |       |    46 |    78 |       |       |       |       |       |       ||   124
       Chain mail        |       |       |    14 |    73 |       |       |       |       |       ||    87
       Crystal plate arm |       |       |       |   287 |   807 |   328 |  1046 |   526 |   183 ||  3177
Dodge: Dodged            |   112 |   116 |   145 |   101 |   170 |   135 |   378 |   264 |   112 ||  1533
Block: Large shield      |       |       |    17 |    33 |       |       |       |       |       ||    50
       Shield            |       |       |       |   409 |   977 |   514 |  1908 |  1136 |   352 ||  5296
       Reflection        |       |       |       |     4 |    41 |     7 |    55 |    66 |     4 ||   177

Table legend:
 A = Spawn XP
 B = Non-spawn XP
 C = Spawn XP percentage of total XP
 D = Spawn monster count
 E = Non-spawn monster count
 F = Spawn count percentage of total count
 G = Total turns spent on level
                    A         B        C        D         E        F      G
               +---------+---------+-------+---------+---------+-------+---------
         Total |       0 |  982305 |   0.0 |       0 |    1980 |   0.0 | 56292
               +---------+---------+-------+---------+---------+-------+---------
           D:1 |       0 |      82 |   0.0 |       0 |      40 |   0.0 |   921
           D:2 |       0 |      97 |   0.0 |       0 |      24 |   0.0 |  1088
           D:3 |       0 |      48 |   0.0 |       0 |      11 |   0.0 |   492
           D:4 |       0 |     420 |   0.0 |       0 |      19 |   0.0 |   906
           D:5 |       0 |     186 |   0.0 |       0 |       8 |   0.0 |   786
           D:6 |       0 |     797 |   0.0 |       0 |      20 |   0.0 |   815
           D:7 |       0 |    1280 |   0.0 |       0 |      23 |   0.0 |  1526
           D:8 |       0 |    4854 |   0.0 |       0 |      27 |   0.0 |  1133
           D:9 |       0 |    1769 |   0.0 |       0 |      17 |   0.0 |  2066
          D:10 |       0 |    3446 |   0.0 |       0 |      18 |   0.0 |   816
          D:11 |       0 |    3608 |   0.0 |       0 |      45 |   0.0 |  1048
          D:12 |       0 |   14581 |   0.0 |       0 |      45 |   0.0 |  1695
          D:13 |       0 |   13364 |   0.0 |       0 |      42 |   0.0 |  1415
          D:14 |       0 |   26319 |   0.0 |       0 |      68 |   0.0 |  1339
          D:15 |       0 |   13221 |   0.0 |       0 |      45 |   0.0 |  1224
        Lair:1 |       0 |    2032 |   0.0 |       0 |       8 |   0.0 |   796
        Lair:2 |       0 |    1067 |   0.0 |       0 |       7 |   0.0 |   710
        Lair:3 |       0 |    5130 |   0.0 |       0 |      20 |   0.0 |  1145
        Lair:4 |       0 |    9080 |   0.0 |       0 |      44 |   0.0 |  1779
        Lair:5 |       0 |    5099 |   0.0 |       0 |      23 |   0.0 |  1249
        Lair:6 |       0 |   17433 |   0.0 |       0 |      55 |   0.0 |  1050
       Swamp:1 |       0 |   16935 |   0.0 |       0 |      37 |   0.0 |  1151
       Swamp:2 |       0 |   13163 |   0.0 |       0 |      37 |   0.0 |   970
       Swamp:3 |       0 |   23708 |   0.0 |       0 |      52 |   0.0 |  1215
       Swamp:4 |       0 |   31702 |   0.0 |       0 |      44 |   0.0 |  1201
      Spider:1 |       0 |   15507 |   0.0 |       0 |      39 |   0.0 |  1074
      Spider:2 |       0 |   25969 |   0.0 |       0 |      76 |   0.0 |  1327
      Spider:3 |       0 |   15837 |   0.0 |       0 |      33 |   0.0 |   955
      Spider:4 |       0 |   34902 |   0.0 |       0 |      75 |   0.0 |  1668
         Orc:1 |       0 |    3388 |   0.0 |       0 |      30 |   0.0 |   614
         Orc:2 |       0 |   20704 |   0.0 |       0 |      81 |   0.0 |  1340
         Elf:1 |       0 |   16665 |   0.0 |       0 |      28 |   0.0 |   920
         Elf:2 |       0 |   23679 |   0.0 |       0 |      35 |   0.0 |   937
         Elf:3 |       0 |   57457 |   0.0 |       0 |      57 |   0.0 |  1811
      Vaults:1 |       0 |   44472 |   0.0 |       0 |      79 |   0.0 |  1769
      Vaults:2 |       0 |   54304 |   0.0 |       0 |      99 |   0.0 |  2030
      Vaults:3 |       0 |   30824 |   0.0 |       0 |      48 |   0.0 |  1707
      Vaults:4 |       0 |   79859 |   0.0 |       0 |      80 |   0.0 |  2132
      Vaults:5 |       0 |   34880 |   0.0 |       0 |      33 |   0.0 |    32
      Depths:1 |       0 |   48948 |   0.0 |       0 |      65 |   0.0 |  1187
      Depths:2 |       0 |   69442 |   0.0 |       0 |      78 |   0.0 |  1678
      Depths:3 |       0 |   20980 |   0.0 |       0 |      35 |   0.0 |   983
      Depths:4 |       0 |   37542 |   0.0 |       0 |      54 |   0.0 |  1944
      Depths:5 |       0 |   80040 |   0.0 |       0 |      53 |   0.0 |  1407
           Lab |       0 |    1689 |   0.0 |       0 |       7 |   0.0 |   407
         IceCv |       0 |   11653 |   0.0 |       0 |      32 |   0.0 |   698
       Volcano |       0 |    6640 |   0.0 |       0 |      15 |   0.0 |   330
    Desolation |       0 |   37503 |   0.0 |       0 |      69 |   0.0 |   806
               +---------+---------+-------+---------+---------+-------+---------
